 Dungeon Crawl Stone Soup version 0.30-a0-740-g6493da8 (webtiles) character file.

Game seed: 3890821896643107094

845055 Meow the Archmage (level 27, 0/305 HPs)
             Began as a Naga Conjurer on Feb 3, 2023.
             Was the Champion of Okawaru.
             Killed from afar by a storm dragon (3 damage)
             ... with a bolt of lightning
             ... on level 10 of a ziggurat on Feb 4, 2023.
             The game lasted 06:05:58 (113585 turns).

Meow the Archmage (Naga Conjurer)                 Turns: 113585, Time: 06:05:58

Health: 0/305      AC: 36    Str:  8    XL:     27
Magic:  17/37      EV: 13    Int: 29    God:    Okawaru [******]
Gold:   8960       SH: 17    Dex: 10    Spells: 18/80 levels left

rFire   + + +      SeeInvis +    a - +10 war axe "Dyugar" {spect, rPois rF+ Dex+2}
rCold   + + +      Faith    +    P - +5 kite shield {reflect}
rNeg    + + .      Spirit   .    (body armour currently unavailable)
rPois   ∞          Reflect  +    M - +2 hat of Duty {rElec rC+ rN+}
rElec   +          Harm     .    Y - +2 cloak of Beadyul {rC+ Str-3 SInv}
rCorr   +          Rampage  .    (gloves currently unavailable)
Will    +++..                    (no barding)
Stlth   ++                       s - amulet of Uguam {Faith Str+3 Slay+6 Stlth-}
HPRegen 0.70/turn                l - ring "Ihiullim" {rElec rPois rF++ rC+ Dex-3}
MPRegen 0.25/turn                O - ring of Oseraf {rPois rC+ rCorr}

@: statue-form, very slightly contaminated, studying 4 skills, very slow
A: slow and powerful, torment resistance 1, boosted hp, AC +9, large, see
invisible, deformed body, poison resistance, (slowness 2), spit poison 1, naga
tail 2, frail 2, low MP 3, sense surroundings 1, screaming 2, weak 2, no potion
heal 1, inability to drink after injury 2, MP-powered wands
}: 6/15 runes: serpentine, barnacled, silver, glowing, magical, fiery
a: Spit Poison, End Transformation, Renounce Religion, Heroism, Finesse, Duel


You were on level 10 of a ziggurat.
You worshipped Okawaru.
Okawaru was exalted by your worship.
You were a living statue of rough stone.
You visited 12 branches of the dungeon, and saw 51 of its levels.
You visited Pandemonium 1 time, and saw 11 of its levels.
You visited the Abyss 1 time.
You visited 1 ziggurat, and saw 10 of its levels.
You also visited: Sewer, Bailey, Ice Cave, Volcano, Wizlab and Desolation.

You collected 12479 gold pieces.
You spent 3519 gold pieces at shops.

Inventory:

Hand Weapons
 a - the +10 war axe "Dyugar" (weapon) {spect, rPois rF+ Dex+2}
   (You found it in Pandemonium)

   Dex:       It affects your dexterity (+2).
   rF:        It protects you from fire.
   rPois:     It protects you from poison.
 i - the +5 consecrated labrys {holy, Valiant Fragile Fly SInv}
   (You found it on level 9 of a ziggurat)

   Valiant:   It becomes more powerful as more dangerous foes come into view.
   SInv:      It lets you see invisible.
   Fly:       It grants you flight.
   Fragile:   It will be destroyed if unequipped.
Armour
 M - the +2 hat of Duty (worn) {rElec rC+ rN+}
   (Okawaru gifted it to you on level 1 of the Snake Pit)

   rC:        It protects you from cold.
   rElec:     It insulates you from electricity.
   rN:        It protects you from negative energy.
 P - a +5 kite shield of reflection (worn)
 S - the +4 moon troll leather armour (melded) {Spirit, Regen++ MP+5}
   (You took it off a moon troll in a wizard's laboratory)

   MP:        It affects your magic capacity (+5).
   Regen:     It increases your rate of health regeneration.
 T - the +6 lightning scales (melded) {swift, rElec}
   (You acquired it on level 1 of the Depths)

   Swift:     It allows the wearer to cover ground more swiftly.
   rElec:     It insulates you from electricity.
 Y - the +2 cloak of Beadyul (worn) {rC+ Str-3 SInv}
   (You found it in Pandemonium)

   Str:       It affects your strength (-3).
   rC:        It protects you from cold.
   SInv:      It lets you see invisible.
 Z - a +2 pair of gloves of strength (melded)
Jewellery
 l - the ring "Ihiullim" (left fist) {rElec rPois rF++ rC+ Dex-3}
   (You found it in an ice cave)

   [ring of protection from cold]

   Dex:       It affects your dexterity (-3).
   rF:        It greatly protects you from fire.
   rC:        It protects you from cold.
   rElec:     It insulates you from electricity.
   rPois:     It protects you from poison.
 s - an amulet of Uguam (around neck) {Faith Str+3 Slay+6 Stlth-}
   (You found it in Pandemonium)

   [amulet of faith]

   It allows you to gain divine favour quickly.
   Str:       It affects your strength (+3).
   Slay:      It affects your accuracy & damage with ranged weapons and melee
   (+6).
   Stlth:     It makes you less stealthy.
 O - the ring of Oseraf (right fist) {rPois rC+ rCorr}
   (You took it off a deep elf demonologist on level 3 of the Elven Halls)

   [ring of protection from cold]

   rC:        It protects you from cold.
   rPois:     It protects you from poison.
   rCorr:     It protects you from acid and corrosion.
Wands
 v - a wand of digging (26)
 C - a wand of roots (32)
 W - a wand of acid (15)
Scrolls
 c - 8 scrolls of fear
 d - 7 scrolls of brand weapon
 e - 10 scrolls of fog
 g - 22 scrolls of teleportation
 m - 10 scrolls of magic mapping
 n - 14 scrolls of poison
 D - 10 scrolls of amnesia
 J - 2 scrolls of summoning
 L - 2 scrolls of enchant weapon
 V - 14 scrolls of enchant armour
Potions
 b - a potion of invisibility
 h - 4 potions of haste
 o - 16 potions of attraction
 r - 5 potions of heal wounds
 t - 11 potions of brilliance
 w - a potion of magic
 x - 9 potions of might
 A - 11 potions of lignification
 E - 10 potions of flight
 F - 8 potions of ambrosia
 G - 18 potions of curing
 H - 10 potions of cancellation
 K - 4 potions of resistance
 U - 4 potions of berserk rage
Miscellaneous
 f - a lightning rod (4/4)
 I - a condenser vane


   Skills:
 - Level 26.0 Fighting
 - Level 18.0 Axes
 - Level 12.0 Dodging
 - Level 6.0 Stealth
 - Level 15.0 Shields
 O Level 27 Spellcasting
 - Level 22.0 Conjurations
 + Level 8.6 Necromancy
 + Level 8.6 Transmutations
 - Level 23.0 Earth Magic


You had 18 spell levels left.
You knew the following spells:

 Your Spells              Type           Power      Damage    Failure   Level
a - Magic Dart            Conj           100%       1d8       0%          1
b - Searing Ray           Conj           100%       2d8       0%          2
c - Mephitic Cloud        Conj/Pois/Air  69%        N/A       1%          3
d - Necromutation         Tmut/Necr      36%        N/A       88%         8
g - Orb of Destruction    Conj           52%        9d13      1%          7
r - Statue Form           Tmut/Erth      61%        N/A       1%          6
t - Irradiate             Conj/Tmut      45%        3d26      1%          5
B - Iskenderun's Mystic   Conj/Tloc      80%        2d16      1%          4
E - Blink                 Tloc           78%        N/A       1%          2
F - Freezing Cloud        Conj/Ice/Air   34%        6-21      1%          5
G - Iron Shot             Conj/Erth      53%        9d10      0%          6
R - Shatter               Erth           53%        3d40*     8%          9
T - Sticky Flame          Conj/Fire      80%        2d9       1%          4

Your spell library contained the following spells:

 Spells                   Type           Power      Damage    Failure   Level
 Momentum Strike          Conj/Tloc      100%       3d10      0%          2
 Passwall                 Tmut/Erth      76%        N/A       0%          2
 Petrify                  Tmut/Erth      92%        N/A       0%          4
 Iskenderun's Battlesphe  Conj           100%       2d15      0%          5
 Lee's Rapid Deconstruct  Erth           53%        3d25*     0%          5
 Freeze                   Ice            100%       1d10      1%          1
 Slow                     Hex            100%       N/A       1%          1
 Sting                    Tmut/Pois      100%       1d8       1%          1
 Cigotuvi's Dreadful Rot  Necr/Pois/Air  100%       N/A       1%          2
 Ensorcelled Hibernation  Hex/Ice        78%        N/A       1%          2
 Lesser Beckoning         Tloc           78%        N/A       1%          2
 Poisonous Vapours        Pois/Air       78%        N/A       1%          2
 Scorch                   Fire           78%        2d9       1%          2
 Dazzling Flash           Conj/Hex       100%       N/A       1%          3
 Hailstorm                Conj/Ice       80%        3d16      1%          3
 Ignite Poison            Fire/Tmut/Pois 54%        N/A       1%          3
 Spider Form              Tmut/Pois      59%        N/A       1%          3
 Vampiric Draining        Necr           73%        2d11      1%          3
 Anguish                  Hex/Necr       29%        N/A       1%          4
 Flame Wave               Conj/Fire      80%        2d17      1%          4
 Fulminant Prism          Conj/Hex       40%        3d19      1%          4
 Ice Form                 Ice/Tmut       59%        N/A       1%          4
 Leda's Liquefaction      Hex/Erth       41%        N/A       1%          4
 Arcjolt                  Conj/Air       40%        1d50      1%          5
 Blade Hands              Tmut           36%        N/A       1%          5
 Borgnjor's Vile Clutch   Necr/Erth      46%        N/A       1%          5
 Lightning Bolt           Conj/Air       40%        1d59      1%          5
 Starburst                Conj/Fire      40%        6d11      1%          6
 Lehudib's Crystal Spear  Conj/Erth      53%        10d12     1%          8
 Confusing Touch          Hex            39%        N/A       3%          3
 Frozen Ramparts          Ice            78%        1d12      3%          3
 Gell's Gravitas          Tloc           39%        N/A       3%          3
 Inner Flame              Hex/Fire       39%        N/A       3%          3
 Kindle Blastsparks       Fire/Tloc/Air  78%        2d16      3%          3
 Ozocubu's Armour         Ice            39%        N/A       3%          3
 Swiftness                Air            39%        N/A       3%          3
 Teleport Other           Tloc           39%        N/A       3%          3
 Vhi's Electric Charge    Tloc/Air       78%        N/A       3%          3
 Alistair's Intoxication  Tmut/Pois      39%        N/A       4%          5
 Yara's Violent Unravell  Hex/Tmut       29%        3d12      4%          5
 Cause Fear               Hex            19%        N/A       10%         4
 Manifold Assault         Tloc           39%        N/A       10%         4
 Olgreb's Toxic Radiance  Pois           39%        N/A       10%         4
 Passage of Golubria      Tloc           39%        N/A       10%         4
 Dragon Form              Tmut           36%        N/A       24%         7
 Metabolic Englaciation   Hex/Ice        19%        N/A       26%         5
 Eringya's Noxious Bog    Tmut/Pois      29%        N/A       26%         6
 Storm Form               Tmut/Air       29%        N/A       82%         7
 Dispersal                Tloc           19%        N/A       83%         6
 Borgnjor's Revivificati  Necr           36%        N/A       88%         8
 Enfeeble                 Hex            19%        N/A       100%        7
 Ozocubu's Refrigeration  Ice            19%        4d11      100%        7
 Discord                  Hex            19%        N/A       100%        8
 Ignition                 Fire           19%        3d7       100%        8
 Maxwell's Capacitive Co  Air            19%        ∞         100%        8
 Chain Lightning          Conj/Air       40%        3d53      100%        9
 Death's Door             Necr           36%        N/A       100%        9
 Fire Storm               Conj/Fire      40%        8d10      100%        9
 Polar Vortex             Ice            19%        N/A       100%        9
 Call Imp                 Summ           Unusable   N/A       N/A         2
 Animate Armour           Summ/Erth      Unusable   N/A       N/A         4
 Summon Guardian Golem    Hex/Summ       Unusable   N/A       N/A         3
 Tukima's Dance           Hex            Unusable   N/A       N/A         3
 Spellforged Servitor     Conj/Summ      Unusable   N/A       N/A         7
 Summon Lightning Spire   Summ/Air       Unusable   N/A       N/A         4
 Simulacrum               Ice/Necr       Unusable   N/A       N/A         6
 Summon Cactus Giant      Summ           Unusable   N/A       N/A         6

Dungeon Overview and Level Annotations

Branches:
Dungeon (15/15)            Temple (1/1) D:4            Lair (5/5) D:10
 Shoals (4/4) Lair:3        Snake (4/4) Lair:2        Slime (1/5) Lair:5
    Orc (2/2) D:10            Elf (3/3) Orc:2        Vaults (5/5) D:13
  Crypt (3/3) Vaults:3       Tomb (0/3) Crypt:3      Depths (4/4) D:15
    Zot (4/5) Depths:4      Sewer (visited)          Bailey (visited)
  IceCv (visited)         Volcano (visited)          WizLab (visited)
Desolation (visited)

Altars:
Ashenzari
Cheibriados
Dithmenos
Elyvilon
Fedhas
Gozag
Hepliaklqana
Kikubaaqudgha
Makhleb
Nemelex Xobeh
Okawaru
Qazlal
Ru
Sif Muna
Trog
Uskayaw
Vehumet
Wu Jian
Xom
Yredelemnul
Zin
The Shining One
Jiyva

Shops:
D:2 (((*(   D:5 =   Orc:1 *   Orc:2 !:(?   Elf:1 *   Shoals:2 :   Snake:1 (
Snake:2 :=:   Snake:4 *   Vaults:1 =   Depths:1 ??*

Portals:
Hell: Depths:1 Depths:2 Depths:3 Depths:4
Abyss: Depths:3
Pandemonium: Depths:1 Depths:2

Annotations:
D:2 1 runed translucent door, Crazy Yiuf
D:3 Terence
D:9 1 runed translucent door
Snake:4 2 transporters, Illumine's ghost, adept GnMo
Vaults:3 4 runed translucent doors
Zot:3 1 transporter


Innate Abilities, Weirdness & Mutations

You are a living statue of rough stone.
Your actions are slow, but your melee attacks are powerful.
You are resistant to unholy torment.
Your maximum health is greatly increased.
Your equipment is partially melded.
((Your serpentine skin is tough. (AC +9)))
You have supernaturally acute eyesight. (SInv)
Armour fits poorly on your strangely shaped body.
Your system is resistant to poisons. (rPois)
((You cover ground very slowly.))
You can spit poison.
You can use your snake-like lower body to constrict enemies.
You are very frail. (-20% HP)
Your magical capacity is extremely low. (-30% MP)
You passively map a small area around you.
You frequently scream uncontrollably at your foes.
You are very weak. (Str -4)
Potions are less effective at restoring your health.
You sometimes lose the ability to drink potions when taking damage.
You expend magic power (3 MP) to strengthen your wands.


Message History

The electric golem hurls lightning at you.
The bolt of lightning hits the electric golem.
The electric golem completely resists.
The bolt of lightning misses you.
The storm dragon breathes lightning at you.
The bolt of lightning hits you! You resist.
* * * LOW HITPOINT WARNING * * *
The bolt of lightning hits you! You resist.
* * * LOW HITPOINT WARNING * * *
The electric golem blinks!
Magic courses through your body.
Casting: Irradiate (safe; 1% risk of failure)
Confirm with . or Enter, or press ? or * to list all spells.
Okay, then.
Casting: Irradiate (safe; 1% risk of failure)
Confirm with . or Enter, or press ? or * to list all spells.
The dungeon rumbles!
The storm dragon is severely wounded.
The electric golem is severely damaged.
The electric golem is heavily damaged. x2
The electric golem blinks! x2
The electric golem hurls lightning at you.
The bolt of lightning hits the storm dragon.
The storm dragon completely resists.
The bolt of lightning misses you. The bolt of lightning hits you! You resist.
* * * LOW HITPOINT WARNING * * *
You block the storm dragon's attack.
The storm dragon claws you but does no damage.
The storm dragon closely misses you. You block the storm dragon's attack. x2
The storm dragon barely misses you.
Your magical contamination has completely faded away.
Casting: Shatter (dangerous; 8% risk of failure)
Confirm with . or Enter, or press ? or * to list all spells.
You miscast Shatter.
You are very lightly contaminated with residual magic.
You are blasted with sand.
The electric golem crackles and sizzles.
The storm dragon breathes lightning at you.
The bolt of lightning hits you. You resist.
* * * LOW HITPOINT WARNING * * *
The bolt of lightning hits you. You resist.
You die...

▓▓▓▓▓▓▓▓▓▓▓
▓......8..▓▓
▓...9...D...▓▓
▓$.......9....▓▓
▓▓?)......9......▓▓
▓▓∩))=......§......▓▓
▓§>))?......†.....∩.▓
▓▓∩)".......§......▓▓
▓▓|(.......[)....▓▓
*▓.........†...▓▓


You could see 3 electric golems and a storm dragon (catching breath, misshapen).

Vanquished Creatures
  Cerebov (Pan)
  Ignacio (Pan)
  Mnoleg (Pan)
  A dread lich (Zig:4)
  Lom Lobon (Pan)
  Mara (Elf:3)
  4 juggernauts
  Mennas (Vaults:4)
  6 pandemonium lords (Pan)
  3 royal mummies (Crypt:1)
  The ghost of Viwk the Shatterer, a veteran AtGl of Okawaru (Vaults:3)
  The ghost of Jyfueq the Conqueror, a master GrHu of Okawaru (Zot:3)
  Boris (Vaults:5)
  6 caustic shrikes
  Margery (Crypt:3)
  4 Killer Klowns
  3 curse toes (Zot:4)
  13 golden dragons
  Nikola (Orc:2)
  3 doom hounds (Depths:3)
  11 Tzitzimimeh
  The ghost of Eromaimi the Peltast, an adept DsEE of Gozag (Elf:2)
  A hellephant (Zig:9)
  17 tentacled monstrosities
  8 Brimstone Fiends (Pan)
  Jorgrun (Orc:2)
  4 electric golems
  5 Hell Sentinels (Pan)
  Rupert (Lair:3)
  A moon troll (WizLab)
  2 Ice Fiends (Pan)
  Grunn (Depths:3)
  8 quicksilver dragons
  5 liches
  2 deep elf blademasters
  9 titans
  6 Executioners (Pan)
  2 deep elf master archers (Elf:3)
  An ancient champion (Crypt:1)
  An eldritch tentacle (Pan)
  5 tentacled starspawn (WizLab)
  5 death cobs
  5 sphinxes
  Polyphemus (Shoals:3)
  Kirke (Lair:4)
  A kraken (Shoals:3)
  A thorn hunter (Zig:7)
  Gastronok (D:10)
  21 storm dragons
  6 tengu reavers
  5 draconian monks
  10 nagarajas
  Donald (Orc:2)
  Roxanne (Elf:1)
  5 shadow dragons
  10 fire giants
  2 draconian knights
  The ghost of Lexku the Grappler, a journeyman TrTm of Sif Muna (Elf:2)
  6 demonspawn warmongers (Pan)
  2 revenants
  6 iron dragons
  7 deep elf sorcerers
  5 draconian shifters
  Aizul (Snake:1)
  2 imperial myrmidons (Desolation)
  4 frost giants
  2 ghost moths
  32 balrugs (Pan)
  3 deep elf elementalists (Elf:3)
  Louise (Snake:2)
  20 vault wardens
  A curse skull (Zot:3)
  5 draconian scorchers
  36 cacodemons
  4 orc warlords
  8 demonspawn corrupters (Pan)
  6 demonspawn blood saints (Pan)
  21 ironbound preservers
  6 draconian annihilators
  6 ghouls (Crypt:1)
  2 war gargoyles
  53 very ugly things
  23 reapers
  4 ironbound thunderhulks
  4 draconian stormcallers
  23 stone giants
  6 green draconians
  Azrael (Snake:2)
  Nessos (Orc:2)
  12 lorocyprocas
  10 demonspawn black suns (Pan)
  11 deep elf demonologists
  2 vampire knights
  8 red draconians
  8 dire elephants
  12 deep elf annihilators
  4 black draconians
  2 putrid mouths (Depths:3)
  9 spark wasps
  10 white draconians
  9 yellow draconians
  7 purple draconians
  2 halazid warlocks (Desolation)
  29 green deaths (Pan)
  8 eidola
  2 crystal guardians
  19 blizzard demons (Pan)
  9 merfolk javelineers
  10 jiangshi
  2 mummy priests (Crypt:1)
  14 ettins
  18 merfolk impalers
  11 deep elf death magi
  A spectral quicksilver dragon (Crypt:3)
  8 fire dragons
  Josephine (D:10)
  11 great orbs of eyes
  12 yaktaur captains
  3 entropy weavers
  12 hydras
  3 deep elf high priests (Elf:3)
  6 ragged hierophants
  10 rakshasas
  A quicksilver dragon skeleton (Crypt:3)
  5 servants of whispers (Desolation)
  2 caustic shrike simulacra
  9 catoblepae
  A spectral fenstrider witch (Crypt:3)
  4 hell beasts (Pan)
  7 salamander tyrants
  Erolcha (Orc:2)
  6 merfolk avatars
  10 peacekeepers (Desolation)
  11 spriggan air magi
  10 anacondas
  44 vault guards
  5 merfolk aquamancers (Shoals:4)
  4 boulder beetles
  13 ice dragons
  4 ogre magi
  14 centaur warriors
  3 death knights
  10 ironbound frosthearts
  2 satyrs
  2 alligators (D:15)
  An alligator snapping turtle (Shoals:4)
  8 two-headed ogres
  18 naga warriors
  A bennu skeleton (Crypt:2)
  10 tengu warriors
  A death yak (shapeshifter) (Vaults:5)
  27 dancing weapons
  5 deep troll shamans
  13 death yaks
  4 deep troll earth magi
  17 naga sharpshooters
  12 hell knights
  3 orc high priests
  6 vampire magi
  23 deep elf knights
  7 spriggan berserkers
  3 spectral storm dragons (Crypt:3)
  Nergalle (Lair:3)
  136 sun demons (Pan)
  A wretched star (WizLab)
  Amaemon (Lair:3)
  2 titan skeletons (Crypt:2)
  11 shock serpents
  43 soul eaters
  41 sixfirhies
  3 salamander mystics (Snake:3)
  2 spectral bunyips (Crypt:3)
  5 iron trolls
  A spriggan (Zig:7)
  13 sea snakes
  16 skeletal warriors
  5 shadow demons (Pan)
  5 shadow wraiths (Crypt:3)
  2 storm dragon skeletons
  A glowing orange brain (shapeshifter) (Elf:1)
  4 orange crystal statues
  47 deep trolls
  A ghost moth zombie (Crypt:1)
  12 glowing orange brains
  2 spectral anacondas (Crypt:3)
  17 ironbound convokers
  A spriggan simulacrum (Crypt:3)
  7 flayed ghosts (Crypt:3)
  4 bog bodies
  A tengu zombie (Depths:3)
  15 deep elf archers
  48 large abominations (Pan)
  17 phantasmal warriors
  8 wizards
  10 naga ritualists
  An anaconda skeleton (Crypt:2)
  8 lindwurms
  4 obsidian statues
  3 harpies (Shoals:1)
  A harpy (shapeshifter) (D:14)
  26 deep elf pyromancers
  15 necromancers
  11 mana vipers
  9 orc knights
  24 deep elf zephyrmancers
  An iron dragon zombie (Crypt:3)
  An oklob plant (Lair:5)
  50 ugly things
  12 fauns
  A spectral ettin (Crypt:3)
  A wolf spider (shapeshifter) (Depths:1)
  11 cyclopes
  18 salamanders
  24 moths of wrath
  2 shining eyes (Pan)
  A will-o-the-wisp (Zig:7)
  13 manticores
  2 spectral alligator snapping turtles (Crypt:3)
  A shadow dragon skeleton (Depths:3)
  15 orc sorcerers
  An ice statue (Zig:9)
  5 rust devils
  A dire elephant zombie (Crypt:1)
  7 elephants
  Joseph (D:10)
  9 merfolk sirens
  9 guardian serpents
  31 demonic crawlers
  19 vault sentinels
  Maurice (Orc:2)
  69 smoke demons
  3 water nymphs
  A water nymph (shapeshifter) (Vaults:5)
  An eye of devastation (shapeshifter) (Vaults:5)
  12 eyes of devastation
  36 black mambas
  3 gargoyles
  28 naga magi
  3 storm dragon simulacra (IceCv)
  2 torpor snails (shapeshifter)
  18 cane toads
  A molten gargoyle (D:14)
  3 torpor snails
  A red draconian zombie (Crypt:3)
  51 orange demons
  30 yaktaurs
  A death yak zombie (Crypt:3)
  An orb spider zombie (Crypt:1)
  A centaur skeleton (Crypt:2)
  A kobold demonologist (D:12)
  3 unseen horrors
  10 hellions (Pan)
  A rime drake (shapeshifter) (D:14)
  4 bunyip simulacra
  6 tengu conjurers
  19 freezing wraiths
  7 tormentors (Pan)
  6 komodo dragons
  A spectral naga (Crypt:3)
  An iron troll zombie (Crypt:2)
  17 efreet
  43 hellwings
  8 red devils
  6 rime drakes
  9 golden dragon simulacra (IceCv)
  3 spectral harpies (Crypt:3)
  41 merfolk
  3 polar bears
  A sea snake skeleton (Crypt:3)
  2 tyrant leeches (Zig:7)
  A merfolk (shapeshifter) (Zig:2)
  10 trolls
  3 harpy zombies (Crypt:2)
  A hornet (Zig:7)
  A tarantella (shapeshifter) (D:15)
  5 wind drakes
  42 saltlings
  9 snapping turtles
  A harpy skeleton (Crypt:2)
  2 raiju (Zig:10)
  19 dream sheep
  5 blink frogs
  A slime creature (shapeshifter) (Zig:4)
  A death drake skeleton (Crypt:3)
  A fire dragon skeleton (Crypt:2)
  4 shadows
  31 water elementals
  18 wraiths
  4 air elementals
  An ettin skeleton (Crypt:2)
  46 slime creatures
  A vampire (Bailey)
  64 yaks
  49 ynoxinuls (Pan)
  2 spriggans (shapeshifter)
  4 fire bats
  50 chaos spawn
  15 basilisks
  8 wyverns
  15 golden eyes
  38 neqoxecs
  Eustachio (D:5)
  4 fire elementals
  3 hogs (Lair:4)
  A steam dragon (D:8)
  7 vampire mosquitoes
  2 redbacks (shapeshifter)
  A two-headed ogre zombie (Crypt:2)
  A harpy simulacrum (Crypt:2)
  51 nagas
  2 redbacks
  7 wargs
  2 acid dragons (D:11)
  14 water moccasins
  A floating eye (shapeshifter) (Depths:3)
  4 hell hounds (Snake:2)
  4 floating eyes
  35 orc warriors
  Duvessa (D:4)
  3 hornet zombies (D:7)
  A dream sheep zombie (Crypt:2)
  5 ice beasts
  5 ice dragon simulacra (IceCv)
  10 ogres
  A boggart (Vaults:2)
  2 black bears (D:5)
  9 centaurs
  15 wolves
  2 phantoms
  An elephant skeleton (Crypt:1)
  9 bullfrogs
  7 kobold brigands
  A naga simulacrum (Crypt:3)
  9 necrophages
  2 gnoll sergeants
  An earth elemental (Elf:1)
  10 scorpions
  2 wights (D:7)
  Dowan (D:4)
  A water moccasin skeleton (Crypt:1)
  7 killer bees
  4 lindwurm simulacra (IceCv)
  9 howler monkeys
  11 vampire bats
  3 electric eels
  5 wolf zombies (Bailey)
  8 crimson imps
  A bullfrog zombie (D:7)
  3 lava snakes (Lair:2)
  A wolf skeleton (Crypt:1)
  3 centaur zombies
  A human zombie (D:7)
  16 orc priests
  A black bear zombie (Crypt:1)
  2 gnoll boudas
  6 hounds
  6 jellies
  A human skeleton (Crypt:1)
  Jessica (D:3)
  3 iguanas
  36 orc wizards
  8 hell rats (Lair:3)
  5 lightning spires (Zot:3)
  A killer bee zombie (D:7)
  An ice beast zombie (Crypt:2)
  A hound zombie (Crypt:1)
  2 naga skeletons (Crypt:3)
  A mummy (D:7)
  7 adders
  22 gnolls
  9 river rats (Sewer)
  4 white imps
  2 ufetubi
  3 worms
  3 dart slugs
  74 orcs
  14 endoplasms
  12 giant cockroaches
  6 goblins
  9 hobgoblins
  A jackal (shapeshifter) (Vaults:5)
  A quokka (D:3)
  11 ball pythons
  11 bats
  12 frilled lizards
  41 kobolds
  19 orc zombies (Bailey)
  17 rats
  3 ball lightnings (Pan)
  3 butterflies (D:9)
  7 fire vortices (Zig:1)
  7 starspawn tentacles
  2 tentacles (Shoals:3)
3562 creatures vanquished.

Vanquished Creatures (others)
  2 pandemonium lords
  An eldritch tentacle (Pan)
  A purple draconian (Zot:2)
  A deep elf demonologist (Elf:3)
  A servant of whispers (Desolation)
  An ice dragon (IceCv)
  A deep elf knight (Elf:1)
  A shadow demon (Pan)
  A deep elf pyromancer (Elf:1)
  A deep elf zephyrmancer (Elf:3)
  A tengu conjurer (Depths:3)
  A wyvern (Lair:3)
  A ynoxinul (Pan)
  A large abomination (Pan)
  A crimson imp (Pan)
  8 ball lightnings (Pan)
  2 bushes (Lair:5)
  A demonic plant (WizLab)
  4 fire vortices (Zig:1)
  10 foxfires (Zig:7)
  27 fungi
  170 plants
  15 starspawn tentacles
  3 tentacles (Shoals:3)
256 creatures vanquished.

Grand Total: 3818 creatures vanquished

Notes
Turn   | Place    | Note
-------+----------+-------------------------------------------
     0 | D:1      | Meow the Naga Conjurer began the quest for the Orb.
     0 | D:1      | Reached XP level 1. HP: 15/15 MP: 3/3
   220 | D:1      | Reached XP level 2. HP: 22/22 MP: 0/5
   223 | D:1      | Learned a level 2 spell: Searing Ray
   866 | D:2      | Reached skill level 5 in Stealth
   866 | D:2      | Reached XP level 3. HP: 28/28 MP: 2/6
   970 | D:2      | Learned a level 3 spell: Mephitic Cloud
  1014 | D:2      | Found Wivy's Antique Weapon Shop.
  1067 | D:2      | Found Etuh's Antique Weapon Shop.
  1198 | D:2      | Reached XP level 4. HP: 36/36 MP: 1/7
  1284 | D:2      | Got the Anthology of Jinxing
  1328 | D:2      | Found Hontech's Antique Weapon Boutique.
  1442 | D:2      | Found Keboimy's Antique Weapon Emporium.
  1657 | D:2      | Found Ucky's Assorted Antiques.
  1809 | D:2      | Found a runed translucent door.
  1810 | D:2      | Noticed Crazy Yiuf
  2210 | D:3      | Noticed Jessica
  2212 | D:3      | Killed Jessica
  2213 | D:3      | Reached XP level 5. HP: 42/42 MP: 9/9
  2314 | D:3      | Reached skill level 3 in Spellcasting
  2880 | D:3      | Noticed Terence
  2995 | D:4      | Reached skill level 5 in Conjurations
  3093 | D:4      | Found a glowing drain.
  3110 | Sewer    | Entered a sewer
  3116 | Sewer    | Learned a level 4 spell: Iskenderun's Mystic Blast
  3137 | Sewer    | Reached XP level 6. HP: 49/49 MP: 5/11
  3709 | Sewer    | Reached skill level 4 in Spellcasting
  3813 | Sewer    | Reached XP level 7. HP: 47/55 MP: 0/13
  4561 | D:4      | Found a staircase to the Ecumenical Temple.
  4597 | Temple   | Entered the Ecumenical Temple
  4700 | Temple   | Became a worshipper of Warmaster Okawaru
  4919 | D:4      | Found a broken altar of Ashenzari.
  4946 | D:4      | Found a blossoming altar of Fedhas.
  4956 | D:4      | Noticed Duvessa
  4956 | D:4      | Noticed Dowan
  4975 | D:4      | Killed Duvessa
  4978 | D:4      | Killed Dowan
  4979 | D:4      | Reached skill level 5 in Spellcasting
  5059 | D:5      | Entered Level 5 of the Dungeon
  5296 | D:5      | Reached * piety under Okawaru
  5297 | D:5      | Reached XP level 8. HP: 67/67 MP: 10/15
  5423 | D:5      | Found a sacrificial altar of Ru.
  6119 | D:5      | Reached skill level 5 in Fighting
  6206 | D:5      | Found Kynlosmo's Jewellery Shoppe.
  6282 | D:6      | Found a hazy altar of Hepliaklqana.
  6312 | D:6      | Found a shimmering altar of Xom.
  6400 | D:6      | Found a burning altar of Makhleb.
  6548 | D:6      | Reached ** piety under Okawaru
  6698 | D:6      | Reached XP level 9. HP: 72/86 MP: 1/16
  7012 | D:6      | Noticed Eustachio
  7023 | D:5      | Killed Eustachio
  7282 | D:6      | Found a glowing silver altar of Zin.
  8363 | D:7      | Reached skill level 10 in Fighting
  8592 | D:8      | Reached *** piety under Okawaru
  8720 | D:8      | Found a snail-covered altar of Cheibriados.
  9060 | D:7      | Reached XP level 10. HP: 81/103 MP: 4/17
  9641 | D:7      | Found a basalt altar of Yredelemnul.
  9660 | D:7      | Reached **** piety under Okawaru
 10174 | D:8      | Found a hide-covered altar of Uskayaw.
 10952 | D:9      | Reached skill level 6 in Spellcasting
 11151 | D:9      | Noticed a skeletal warrior
 11154 | D:9      | Noticed a skeletal warrior
 11154 | D:9      | Noticed a tengu warrior
 11161 | D:9      | Found a runed translucent door.
 11268 | D:10     | Entered Level 10 of the Dungeon
 11299 | D:10     | Learned a level 7 spell: Orb of Destruction
 11306 | D:10     | Found a flagged portal.
 11314 | Bailey   | Entered a bailey
 11569 | Bailey   | Reached ***** piety under Okawaru
 12106 | Bailey   | Identified the +7 swamp dragon scales "Qeakewiu" {Harm
                  | rPois rC+}
 12173 | Bailey   | Noticed a gargoyle
 12203 | Bailey   | Reached skill level 7 in Spellcasting
 12203 | Bailey   | Reached XP level 11. HP: 89/114 MP: 3/21
 12315 | Bailey   | Identified the +3 robe of Bokinka {Str+3}
 12883 | D:10     | Noticed Joseph
 12913 | D:10     | Noticed Josephine
 12926 | D:10     | Killed Josephine
 13105 | D:10     | Reached skill level 8 in Spellcasting
 13479 | D:10     | Found a staircase to the Orcish Mines.
 13537 | D:10     | Reached skill level 10 in Conjurations
 13553 | D:10     | Noticed Gastronok
 13590 | D:10     | Killed Joseph
 13590 | D:10     | Identified the +7 quarterstaff "Nenokoem" {heavy, rC+ Will+
                  | Int+2} (Okawaru gifted it to you on level 10 of the
                  | Dungeon)
 13590 | D:10     | Received a gift from Okawaru
 13770 | D:10     | Found a staircase to the Lair.
 13781 | Lair:1   | Entered Level 1 of the Lair of Beasts
 14127 | Lair:1   | Reached skill level 9 in Spellcasting
 14406 | Lair:1   | Reached ****** piety under Okawaru
 14753 | Lair:1   | Reached XP level 12. HP: 122/122 MP: 18/25
 15594 | Lair:1   | Reached skill level 10 in Spellcasting
 16742 | Lair:2   | Found a staircase to the Snake Pit.
 17053 | Lair:2   | Received a gift from Okawaru
 17239 | Lair:3   | Found a dark tunnel.
 17249 | Volcano  | Entered a volcano
 17822 | Lair:3   | Noticed Rupert
 17846 | Lair:3   | Killed Rupert
 17847 | Lair:3   | Reached skill level 11 in Spellcasting
 17973 | Lair:3   | Noticed a death yak
 17975 | Lair:3   | Noticed a death yak
 17977 | Lair:3   | Noticed a death yak
 17987 | Lair:2   | Killed a death yak
 18263 | Lair:3   | Found a staircase to the Shoals.
 18534 | Lair:3   | Noticed a four-headed hydra
 18538 | Lair:3   | Killed a four-headed hydra
 18539 | Lair:3   | Gained mutation: You can use your snake-like lower body to
                  | constrict enemies. [Naga growth]
 18539 | Lair:3   | Reached XP level 13. HP: 127/129 MP: 0/28
 18715 | Lair:3   | Noticed Nergalle
 18800 | Lair:3   | Killed Nergalle
 19070 | Lair:3   | Noticed Amaemon
 19080 | Lair:3   | Killed Amaemon
 19080 | Lair:3   | Received a gift from Okawaru
 19081 | Lair:3   | Reached skill level 12 in Spellcasting
 20071 | Lair:3   | Received a gift from Okawaru
 20328 | Lair:4   | Noticed Kirke
 20652 | Lair:4   | Killed Kirke
 21602 | Lair:4   | Received a gift from Okawaru
 21780 | Lair:4   | Reached skill level 13 in Spellcasting
 21788 | Lair:4   | Reached skill level 15 in Conjurations
 21880 | Lair:4   | Reached XP level 14. HP: 134/138 MP: 6/31
 22112 | Lair:5   | Entered Level 5 of the Lair of Beasts
 22925 | Lair:5   | Found a staircase to the Slime Pits.
 22926 | Lair:5   | Found a viscous altar of Jiyva.
 23107 | Lair:5   | Received a gift from Okawaru
 23487 | Lair:5   | Reached skill level 14 in Spellcasting
 25115 | Lair:5   | Identified the +2 barding of the Parsimonious God {Str+4}
                  | (Okawaru gifted it to you on level 5 of the Lair of Beasts)
 25115 | Lair:5   | Received a gift from Okawaru
 25803 | D:10     | Killed Gastronok
 26018 | D:10     | Found a shimmering blue altar of Sif Muna.
 26153 | Orc:1    | Entered Level 1 of the Orcish Mines
 26357 | Orc:1    | Noticed an orc warlord
 26797 | Orc:1    | Found Kyunaal's General Store.
 26813 | Orc:1    | Bought a potion of magic for 120 gold pieces
 26865 | Orc:1    | Killed an orc warlord
 27013 | Orc:2    | Entered Level 2 of the Orcish Mines
 27022 | Orc:2    | Reached XP level 15. HP: 96/151 MP: 15/33
 27385 | Orc:2    | Noticed Jorgrun
 27698 | Orc:2    | Killed Jorgrun
 27905 | Orc:2    | Noticed Maurice
 27908 | Orc:2    | Killed Maurice
 28069 | Orc:2    | Found a staircase to the Elven Halls.
 28087 | Orc:2    | Noticed Donald
 28090 | Orc:2    | Killed Donald
 28294 | Orc:2    | Noticed Nessos
 28305 | Orc:2    | Killed Nessos
 29070 | Orc:2    | Found Idock's Book Boutique.
 29339 | Orc:2    | Found a radiant altar of Vehumet.
 29340 | Orc:2    | Noticed Erolcha
 29343 | Orc:2    | Killed Erolcha
 29358 | Orc:2    | Found Tafohis's Antique Weapon Boutique.
 29674 | Orc:2    | Found an ancient bone altar of Kikubaaqudgha.
 29783 | Orc:2    | Found Johos's Magic Scroll Boutique.
 29792 | Orc:2    | Bought a scroll of blinking for 120 gold pieces
 29792 | Orc:2    | Bought a scroll of blinking for 120 gold pieces
 29792 | Orc:2    | Bought a scroll of blinking for 120 gold pieces
 29792 | Orc:2    | Bought a scroll of teleportation for 48 gold pieces
 29798 | Orc:2    | Found Feockohu's Distillery.
 29806 | Orc:2    | Bought a potion of heal wounds for 70 gold pieces
 29806 | Orc:2    | Bought a potion of curing for 42 gold pieces
 29806 | Orc:2    | Bought a potion of curing for 42 gold pieces
 30604 | D:9      | Identified the +1 robe of Impressiveness {rF+ Slay+2}
 30621 | D:9      | Found a runed translucent door.
 30635 | D:9      | Received a gift from Okawaru
 32071 | D:12     | Reached skill level 15 in Fighting
 33545 | D:13     | Reached skill level 15 in Spellcasting
 33708 | D:13     | Found a gate to the Vaults.
 34368 | D:14     | Found a hide-covered altar of Uskayaw.
 34389 | D:14     | Received a gift from Okawaru
 34390 | D:14     | Reached XP level 16. HP: 163/163 MP: 21/35
 36203 | D:15     | Entered Level 15 of the Dungeon
 36226 | D:15     | Identified the +3 buckler of Userch {*Slow Will+++ Dex+3
                  | Slay+3} (Okawaru gifted it to you on level 15 of the
                  | Dungeon)
 36226 | D:15     | Received a gift from Okawaru
 37890 | D:15     | Reached skill level 16 in Spellcasting
 38347 | D:15     | Found a staircase to the Depths.
 38570 | Snake:1  | Entered Level 1 of the Snake Pit
 39052 | Snake:1  | Learned a level 5 spell: Irradiate
 39111 | Snake:1  | Found a transporter.
 39117 | Snake:1  | Found a transporter.
 39125 | Snake:1  | Noticed Aizul
 39137 | Snake:1  | Killed Aizul
 39705 | Snake:1  | Reached XP level 17. HP: 176/176 MP: 16/37
 39727 | Snake:1  | Reached skill level 1 in Shields
 39729 | Snake:1  | Identified the +2 hat of Duty {rElec rC+ rN+} (Okawaru
                  | gifted it to you on level 1 of the Snake Pit)
 39729 | Snake:1  | Received a gift from Okawaru
 40119 | Snake:1  | Found Ofris's Antique Weapon Shop.
 40465 | Snake:2  | Noticed Louise
 41369 | Snake:2  | Noticed Azrael
 41388 | Snake:2  | Killed Azrael
 41661 | Snake:2  | Killed Louise
 42174 | Snake:2  | Reached skill level 5 in Shields
 42695 | Snake:2  | Found Cel Tea's Jewellery Shoppe.
 42696 | Snake:2  | Found Itrony's Book Boutique.
 42696 | Snake:2  | Found Yttol's Book Boutique.
 42706 | Snake:2  | Bought a book of Iron for 432 gold pieces
 42714 | Snake:2  | Learned a level 6 spell: Iron Shot
 42893 | Snake:3  | Identified a scroll of acquirement
 43202 | Snake:3  | Acquired 377 gold pieces
 43781 | Snake:2  | Bought a Trismegistus Codex for 364 gold pieces
 43787 | Snake:2  | Learned a level 5 spell: Freezing Cloud
 44839 | Snake:4  | Entered Level 4 of the Snake Pit
 44847 | Snake:4  | Received a gift from Okawaru
 45933 | Snake:3  | Identified the +3 plate armour of Negation {Regen+ Slay+3}
                  | (Okawaru gifted it to you on level 3 of the Snake Pit)
 45933 | Snake:3  | Received a gift from Okawaru
 45934 | Snake:3  | Reached XP level 18. HP: 188/188 MP: 16/38
 47552 | Snake:4  | Noticed Illumine's ghost (adept GnMo)
 47560 | Snake:4  | Found a transporter.
 47691 | Snake:4  | Found Qeizxee's Overcharged Wands.
 47718 | Snake:4  | Found a transporter.
 47724 | Snake:4  | Found a bloodstained altar of Trog.
 47837 | Snake:4  | Reached skill level 10 in Shields
 48832 | Snake:4  | Got a serpentine rune of Zot
 49161 | Elf:1    | Entered Level 1 of the Elven Halls
 49164 | Elf:1    | Noticed Nikola
 49180 | Orc:2    | Killed Nikola
 49244 | Elf:1    | Found a magical portal.
 49384 | WizLab   | Entered Lehudib's Moon Base
 49757 | WizLab   | Found a transporter.
 49983 | WizLab   | Identified the +1 dire flail of the Asp {vamp, Str+5 Int+4}
                  | (Okawaru gifted it to you in a wizard's laboratory)
 49983 | WizLab   | Received a gift from Okawaru
 50324 | WizLab   | Identified the +9 longbow "Apuxtut" {freeze, Drain rElec
                  | rF+ Str+5}
 50347 | WizLab   | Paralysed by a great orb of eyes for 5 turns
 50359 | WizLab   | Reached skill level 17 in Spellcasting
 50432 | WizLab   | Reached XP level 19. HP: 180/195 MP: 13/40
 51217 | WizLab   | Identified the amulet "Derif" {Spirit +Inv}
 52129 | WizLab   | Received a gift from Okawaru
 52265 | WizLab   | Found a transporter.
 52285 | WizLab   | Gained mutation: Your tail ends in a venomous barb. [a
                  | cacodemon]
 52459 | WizLab   | Gained mutation: You are dopey. (Int -2) [a cacodemon]
 52911 | WizLab   | Identified the +2 pair of gloves of Forking Paths {Harm rC+
                  | Dex+2}
 53092 | Elf:1    | Noticed Roxanne
 53102 | Elf:1    | Reached skill level 1 in Axes
 53306 | Elf:1    | Received a gift from Okawaru
 53315 | Elf:1    | Gained mutation: You are frail. (-10% HP) [a shining eye]
 53476 | Elf:1    | Paralysed by an air elemental for 1 turns
 54147 | Elf:1    | Found Bogousch's Assorted Antiques.
 54199 | Elf:1    | Received a gift from Okawaru
 54281 | Elf:1    | Killed Roxanne
 54599 | Snake:1  | Reached skill level 18 in Spellcasting
 54610 | Snake:1  | Identified the +0 ring mail "Jaereek" {Harm rF+}
 54613 | Snake:1  | Identified the +0 pair of boots of Unambiguity {rElec}
 54870 | Elf:1    | Reached skill level 5 in Axes
 55093 | Abyss:3  | Found a corrupted altar of Lugonu.
 55093 | Abyss:3  | Cast into level 3 of the Abyss (deep elf archer)
 55118 | Elf:2    | Escaped the Abyss
 55168 | Elf:2    | Reached XP level 20. HP: 183/183 MP: 42/42
 55193 | Elf:2    | Found a runed translucent gate.
 55193 | Elf:2    | Found a runed translucent gate.
 55193 | Elf:2    | Found a runed translucent gate.
 55201 | Elf:2    | Noticed Eromaimi's ghost (adept DsEE)
 55201 | Elf:2    | Noticed Lexku's ghost (journeyman TrTm)
 55201 | Elf:2    | Found the +8 frozen axe "Frostbite" {freeze, freezing
                  | cloud, *Noise Fly rC+}
 55333 | Elf:2    | Found a runed translucent gate.
 55333 | Elf:2    | Found a runed translucent gate.
 55333 | Elf:2    | Found a runed translucent gate.
 55469 | Elf:2    | Killed Lexku's ghost
 55473 | Elf:2    | Killed Eromaimi's ghost
 56353 | Elf:2    | Received a gift from Okawaru
 56657 | Elf:3    | Entered Level 3 of the Elven Halls
 56704 | Elf:3    | Reached skill level 10 in Axes
 57454 | Elf:3    | Received a gift from Okawaru
 57461 | Elf:3    | Identified the +9 plate armour of Feakkux {rF- Dex+8}
 57466 | Elf:3    | Noticed Mara
 57615 | Elf:3    | Killed Mara
 57755 | Elf:3    | Identified the ring of Oseraf {rPois rC+ rCorr}
 58410 | Elf:3    | Identified the +0 chain mail of Taru {Harm Drain rN+ Str+4
                  | Stlth+}
 58526 | Elf:3    | Identified the ring of Neomef {rF+ rN+ Will- Str+2}
 58748 | Elf:3    | Learned a level 4 spell: Sticky Flame
 58916 | Elf:3    | Got the Handbook of the Radiant Coward
 58924 | Elf:3    | Learned a level 2 spell: Blink
 58931 | Elf:3    | Identified the +8 shortbow of Tumult {drain, rCorr Int+3}
 59586 | Shoals:1 | Entered Level 1 of the Shoals
 60028 | Shoals:1 | Received a gift from Okawaru
 61038 | Shoals:2 | Reached XP level 21. HP: 179/190 MP: 24/43
 61244 | Shoals:2 | Found Belyenagob's Self-Improvement Boutique.
 61941 | Shoals:3 | Noticed Polyphemus
 61945 | Shoals:3 | Found a frozen archway.
 61964 | Shoals:3 | Killed Polyphemus
 61968 | IceCv    | Entered an ice cave
 62342 | IceCv    | Received a gift from Okawaru
 62829 | IceCv    | Noticed a golden dragon
 62890 | IceCv    | Got the Encyclopedia of Suicidal Tendencies
 62945 | IceCv    | Killed a golden dragon
 63016 | IceCv    | Identified the +6 broad axe "Doiketaithro" {drain, Int+3}
                  | (Okawaru gifted it to you in an ice cave)
 63016 | IceCv    | Received a gift from Okawaru
 63155 | IceCv    | Identified the ring "Ahuuno Curo" {rF++ AC+4}
 63161 | IceCv    | Identified the ring "Ihiullim" {rElec rPois rF++ rC+ Dex-3}
 63980 | Shoals:4 | Entered Level 4 of the Shoals
 65100 | Shoals:4 | Received a gift from Okawaru
 65525 | Shoals:4 | Reached skill level 15 in Axes
 65545 | Shoals:4 | Got a barnacled rune of Zot
 65932 | Depths:1 | Entered Level 1 of the Depths
 66447 | Depths:1 | Received a gift from Okawaru
 66657 | Depths:1 | Reached XP level 22. HP: 198/198 MP: 35/44
 66736 | Depths:1 | Found a blossoming altar of Fedhas.
 66808 | Depths:1 | Found Jastrudikk's Magic Scroll Shoppe.
 66810 | Depths:1 | Found Koruil's Magic Scroll Emporium.
 66812 | Depths:1 | Found Agap's General Store.
 66818 | Depths:1 | Bought a scroll of teleportation for 63 gold pieces
 66818 | Depths:1 | Bought a scroll of teleportation for 63 gold pieces
 66818 | Depths:1 | Bought 2 scrolls of brand weapon for 399 gold pieces
 66820 | Depths:1 | Bought a scroll of acquirement for 624 gold pieces
 66821 | Depths:1 | Acquired the +6 lightning scales {swift, rElec}
 66821 | Depths:1 | Found the +6 lightning scales {swift, rElec}
 66833 | Depths:1 | Acquired 920 gold pieces
 67092 | Depths:1 | Found a one-way gate leading to the halls of Pandemonium.
 67609 | Depths:1 | Reached skill level 19 in Spellcasting
 67689 | Depths:1 | Found a gateway to Hell.
 67887 | Depths:1 | Reached skill level 1 in Earth Magic
 68711 | Depths:2 | Found a one-way gateway to a ziggurat.
 69132 | Depths:2 | Identified the +5 hand axe of Porotithog {heavy, rF+ rCorr
                  | Str+2} (Okawaru gifted it to you on level 2 of the Depths)
 69132 | Depths:2 | Received a gift from Okawaru
 69543 | Depths:2 | Upgraded the game from 0.30-a0-738-g116ff8c to
                  | 0.30-a0-739-gea05fad
 69631 | Depths:3 | Noticed a golden dragon
 69638 | Depths:3 | Killed a golden dragon
 69793 | Depths:3 | Identified the +1 ring mail of Gluttony {Int+5}
 70092 | Depths:3 | Found a one-way gate to the infinite horrors of the Abyss.
 70096 | Depths:3 | Paralysed by a floating eye for 2 turns
 70100 | Depths:2 | Paralysed by a floating eye for 2 turns
 70286 | Depths:3 | Reached skill level 5 in Earth Magic
 70391 | Depths:3 | Identified the +2 great mace "Poop" {heavy, Fly rPois rC+}
 70396 | Depths:3 | Identified the +10 war axe of Odeon {protect, MP+9 Str+2}
                  | (Okawaru gifted it to you on level 3 of the Depths)
 70396 | Depths:3 | Received a gift from Okawaru
 70680 | Depths:3 | Noticed a golden dragon
 70692 | Depths:3 | Killed a golden dragon
 70806 | Depths:3 | Noticed a caustic shrike
 70815 | Depths:3 | Killed a caustic shrike
 70816 | Depths:3 | Reached XP level 23. HP: 205/205 MP: 46/46
 70877 | Depths:3 | Noticed a juggernaut
 70889 | Depths:3 | Killed a juggernaut
 70898 | Depths:3 | Noticed a juggernaut
 70975 | Depths:3 | Killed a juggernaut
 71081 | Depths:3 | Noticed a caustic shrike
 71094 | Depths:3 | Killed a caustic shrike
 71107 | Depths:3 | Identified the ring "Dan Jyajois" {Fly rC+}
 71119 | Depths:3 | Identified the +6 executioner's axe "Ahicanut" {spect,
                  | rPois rN+} (Okawaru gifted it to you on level 3 of the
                  | Depths)
 71119 | Depths:3 | Received a gift from Okawaru
 71495 | Depths:3 | You fall into a shaft and drop 1 floor!
 71495 | Depths:4 | Entered Level 4 of the Depths
 71500 | Depths:4 | Noticed a caustic shrike
 71501 | Depths:4 | Noticed a caustic shrike
 71501 | Depths:4 | Noticed a caustic shrike
 71524 | Depths:4 | Noticed a caustic shrike
 71525 | Depths:4 | Killed a caustic shrike
 71540 | Depths:4 | Killed a caustic shrike
 71549 | Depths:4 | Killed a caustic shrike
 71550 | Depths:4 | Killed a caustic shrike
 71967 | Depths:3 | Noticed Grunn
 72369 | Depths:3 | Killed Grunn
 72529 | Depths:4 | Noticed a juggernaut
 72639 | Depths:4 | Identified the +2 ring mail "Vifuzar" {Int+3} (Okawaru
                  | gifted it to you on level 4 of the Depths)
 72639 | Depths:4 | Received a gift from Okawaru
 72742 | Depths:4 | Killed a juggernaut
 73243 | Depths:4 | Reached skill level 10 in Earth Magic
 73489 | Depths:4 | Noticed a golden dragon
 73528 | Depths:4 | Killed a golden dragon
 73862 | Depths:4 | Noticed a golden dragon
 73867 | Depths:4 | Killed a golden dragon
 73982 | Depths:4 | Found a gate to the Realm of Zot.
 74263 | Vaults:1 | Entered Level 1 of the Vaults
 74302 | Vaults:1 | Reached skill level 20 in Spellcasting
 74327 | Vaults:1 | Reached XP level 24. HP: 173/212 MP: 13/47
 74373 | Vaults:1 | Found a crumbling gateway.
 74430 | Desolati | Entered the Desolation of Salt
 74850 | Desolati | Identified the ring "Bynkoco" {Fly rCorr Str+3 Int-5
                  | Slay+4}
 74866 | Desolati | Identified the amulet of Ahoen {Acrobat Rampage rCorr Str-3
                  | SInv}
 74914 | Desolati | Got the Tome of Transmutation and the Gargoyle
 75003 | Desolati | Identified the +5 ring mail of Ammaeheo {rN+ Regen+ Str+3}
 75599 | Vaults:1 | Received a gift from Okawaru
 75626 | Vaults:1 | Identified the +11 arbalest of Kakiluma {elec, *Slow MP+9
                  | Int+2 Dex+2}
 75831 | Vaults:1 | Acquired 989 gold pieces
 76267 | Vaults:1 | Found Guanliz's Jewellery Shoppe.
 76302 | Vaults:1 | Reached skill level 15 in Earth Magic
 76546 | Vaults:2 | Received a gift from Okawaru
 76689 | Vaults:2 | You fall into a shaft and drop 1 floor!
 76959 | Vaults:3 | Reached XP level 25. HP: 184/219 MP: 40/47
 77330 | Vaults:3 | Found a staircase to the Crypt.
 77330 | Vaults:3 | Found an ancient bone altar of Kikubaaqudgha.
 77330 | Vaults:3 | Found a basalt altar of Yredelemnul.
 77391 | Vaults:3 | Found a large runed translucent door.
 77391 | Vaults:3 | Found a large runed translucent door.
 77392 | Vaults:3 | Found a large runed translucent door.
 77392 | Vaults:3 | Found a large runed translucent door.
 77393 | Vaults:3 | Found a large runed translucent door.
 77393 | Vaults:3 | Found a large runed translucent door.
 77393 | Vaults:3 | Noticed Viwk's ghost (veteran AtGl)
 77394 | Vaults:3 | Found a large runed translucent door.
 77394 | Vaults:3 | Found a large runed translucent door.
 77614 | Vaults:3 | Identified the ring of Diloy {*Slow Fly rC+ rN++ Slay+2}
 77819 | Vaults:3 | Killed Viwk's ghost
 78026 | Vaults:4 | Noticed Mennas
 78166 | Vaults:4 | Identified the +3 barding of the Wilderness {rF+} (Okawaru
                  | gifted it to you on level 4 of the Vaults)
 78166 | Vaults:4 | Received a gift from Okawaru
 78246 | Vaults:4 | Killed Mennas
 78467 | Vaults:4 | Reached skill level 21 in Spellcasting
 78631 | Vaults:4 | Identified the +3 leather armour of the Sun {rPois Int+3
                  | Stlth+}
 78881 | Vaults:5 | Entered Level 5 of the Vaults
 78881 | Vaults:5 | Noticed Boris
 78988 | Vaults:5 | Paralysed by a floating eye for 4 turns
 79097 | Vaults:5 | Identified the +2 barding of a volcano {Int+2 Dex+2}
                  | (Okawaru gifted it to you on level 5 of the Vaults)
 79097 | Vaults:5 | Received a gift from Okawaru
 79317 | Vaults:5 | Reached XP level 26. HP: 157/227 MP: 6/48
 79376 | Vaults:5 | Reached XP level 27. HP: 94/234 MP: 3/48
 79404 | Vaults:5 | Killed Boris
 79832 | Vaults:5 | Identified the +3 shortbow of Dutaruuts {freeze, Fragile
                  | rElec rN+ Int+2}
 79851 | Vaults:5 | Reached skill level 22 in Spellcasting
 80020 | Vaults:5 | Gained mutation: Potions are less effective at restoring
                  | your health. [a shining eye]
 80021 | Vaults:5 | Gained mutation: You are very dopey. (Int -4) [a shining
                  | eye]
 80028 | Vaults:5 | Lost mutation: Potions are less effective at restoring your
                  | health. [potion of mutation]
 80028 | Vaults:5 | Lost mutation: You are very dopey. (Int -4) [potion of
                  | mutation]
 80028 | Vaults:5 | Gained mutation: You have hidden genetic potential. [potion
                  | of mutation]
 80028 | Vaults:5 | Gained mutation: You occasionally lose the ability to read
                  | scrolls when taking damage. [potion of mutation]
 80028 | Vaults:5 | Lost mutation: Your tail ends in a venomous barb. [potion
                  | of mutation]
 80028 | Vaults:5 | Gained mutation: You have very sharp teeth. [potion of
                  | mutation]
 80029 | Vaults:5 | Lost mutation: You have very sharp teeth. [potion of
                  | mutation]
 80029 | Vaults:5 | Lost mutation: You are frail. (-10% HP) [potion of
                  | mutation]
 80029 | Vaults:5 | Gained mutation: Your body sometimes deteriorates upon
                  | taking damage. [potion of mutation]
 80030 | Vaults:5 | Lost mutation: You occasionally lose the ability to read
                  | scrolls when taking damage. [potion of mutation]
 80030 | Vaults:5 | Lost mutation: Your body sometimes deteriorates upon taking
                  | damage. [potion of mutation]
 80030 | Vaults:5 | Lost mutation: You are dopey. (Int -2) [potion of mutation]
 80030 | Vaults:5 | Gained mutation: You have a somewhat thin skeletal
                  | structure. (Dex +2, Stealth+) [potion of mutation]
 80053 | Vaults:5 | Reached skill level 15 in Shields
 80075 | Vaults:5 | Received a gift from Okawaru
 80269 | Vaults:5 | Identified the ring "Paemeag" {*Slow Will- Str+6 Dex+7
                  | SInv}
 80633 | Vaults:5 | Got a silver rune of Zot
 81086 | Snake:2  | Bought a book of Annihilations for 780 gold pieces
 81097 | Snake:2  | Learned a level 9 spell: Shatter
 81396 | Crypt:1  | Entered Level 1 of the Crypt
 82256 | Crypt:1  | Noticed a royal mummy
 82264 | Crypt:1  | Killed a royal mummy
 82434 | Crypt:1  | Noticed a royal mummy
 82441 | Crypt:1  | Killed a royal mummy
 82441 | Crypt:1  | Received a gift from Okawaru
 82489 | Crypt:1  | Noticed a royal mummy
 82494 | Crypt:1  | Killed a royal mummy
 82643 | Crypt:1  | Found the +7 sceptre of Torment {pain, torment}
 82731 | Crypt:1  | You fall into a shaft and drop 1 floor!
 83863 | Crypt:3  | Entered Level 3 of the Crypt
 83863 | Crypt:3  | Found the +10 Black Knight's barding {ponderous, rPois rN+}
 83892 | Crypt:3  | Reached skill level 5 in Dodging
 84330 | Crypt:3  | Identified the +8 quarterstaff of the Demagogue {heavy, rF-
                  | rN+ Will+} (Okawaru gifted it to you on level 3 of the
                  | Crypt)
 84330 | Crypt:3  | Received a gift from Okawaru
 84365 | Crypt:3  | Noticed Margery
 84371 | Crypt:3  | Killed Margery
 84501 | Crypt:3  | Found a staircase to the Tomb.
 85138 | Crypt:3  | Identified the +2 leather armour of the Cobbler {*Slow Fly
                  | Dex+6 Slay+2}
 85622 | Crypt:3  | Identified the +7 tower shield "Dudogiff" {Drain Will+
                  | SInv} (Okawaru gifted it to you on level 3 of the Crypt)
 85622 | Crypt:3  | Received a gift from Okawaru
 85641 | Crypt:3  | Identified the +1 short sword of Sokebbeh {heavy, *Rage rN+
                  | rCorr SInv}
 86501 | Zot:1    | Entered Level 1 of the Realm of Zot
 86753 | Zot:1    | Identified the +1 robe "Ziuza" {Will++ Int-4}
 86978 | Zot:1    | Reached skill level 23 in Spellcasting
 87430 | Zot:2    | Gained mutation: Your mind is acute. (Int +4, Str/Dex -1)
                  | [hidden potential]
 88588 | Zot:3    | Received a gift from Okawaru
 88596 | Zot:3    | Noticed Jyfueq's ghost (master GrHu)
 89284 | Zot:3    | Found a transporter.
 89369 | Zot:3    | Identified the +0 arbalest "Ceasm" {flame, rN+ SInv}
 89421 | Zot:3    | Found a transporter.
 89771 | Zot:2    | Reached skill level 10 in Dodging
 89850 | Zot:3    | Killed Jyfueq's ghost
 90333 | Zot:4    | Identified the +0 pair of gloves of Knowledge {Fly rPois
                  | rC+ Str+3} (Okawaru gifted it to you on level 4 of the
                  | Realm of Zot)
 90333 | Zot:4    | Received a gift from Okawaru
 90601 | Zot:4    | Gained mutation: Potions are less effective at restoring
                  | your health. [mutagenic glow]
 91874 | Slime:1  | Entered Level 1 of the Pits of Slime
 92041 | Slime:1  | Lost mutation: You have a somewhat thin skeletal structure.
                  | (Dex +2, Stealth+) [potion of mutation]
 92041 | Slime:1  | Lost mutation: Your mind is acute. (Int +4, Str/Dex -1)
                  | [potion of mutation]
 92041 | Slime:1  | Lost mutation: You have hidden genetic potential. [potion
                  | of mutation]
 92041 | Slime:1  | Gained mutation: You can exhale a cloud of poison. [potion
                  | of mutation]
 92041 | Slime:1  | Gained mutation: You are partially covered in large bone
                  | plates. (SH +4) [potion of mutation]
 92041 | Slime:1  | Gained mutation: You have sharp fingernails. [potion of
                  | mutation]
 92042 | Slime:1  | Lost mutation: You are partially covered in large bone
                  | plates. (SH +4) [potion of mutation]
 92042 | Slime:1  | Lost mutation: Potions are less effective at restoring your
                  | health. [potion of mutation]
 92042 | Slime:1  | Gained mutation: Your body sometimes deteriorates upon
                  | taking damage. [potion of mutation]
 92042 | Slime:1  | Gained mutation: Your flesh is cold resistant. (rC+)
                  | [potion of mutation]
 92372 | Pan      | Entered Pandemonium
 92733 | Pan      | Noticed Kouggyf the pandemonium lord
 92743 | Pan      | Identified the ring of Pochesa {rF+ rN+ Slay+3}
 93047 | Pan      | Identified the +0 halberd "Turidgh" {protect, Dex+3}
 93207 | Pan      | Noticed Ignacio
 93215 | Pan      | Killed Ignacio
 93222 | Pan      | Killed Kouggyf the pandemonium lord
 94714 | Pan      | Reached skill level 24 in Spellcasting
 95045 | Pan      | Received a gift from Okawaru
 95422 | Pan      | Noticed Xustin the pandemonium lord
 95438 | Pan      | Killed Xustin the pandemonium lord
 95938 | Pan      | Found an exit through the horrors of the Abyss.
 96744 | Pan      | Received a gift from Okawaru
 96994 | Pan      | Found a runed translucent door.
 96998 | Pan      | Found a runed translucent door.
 97001 | Pan      | Found a runed translucent door.
 97003 | Pan      | Noticed Harei the pandemonium lord
 97016 | Pan      | Found a runed translucent door.
 97298 | Pan      | Identified the +3 war axe of Starshine {spect, rF+ rC+
                  | Str+5}
 97513 | Pan      | Killed Harei the pandemonium lord
 97515 | Pan      | Gained mutation: You occasionally lose the ability to read
                  | scrolls when taking damage. [a cacodemon]
 97520 | Pan      | Lost mutation: You have sharp fingernails. [potion of
                  | mutation]
 97520 | Pan      | Lost mutation: Your flesh is cold resistant. (rC+) [potion
                  | of mutation]
 97520 | Pan      | Lost mutation: You can exhale a cloud of poison. [potion of
                  | mutation]
 97520 | Pan      | Gained mutation: Your mind is acute. (Int +4, Str/Dex -1)
                  | [potion of mutation]
 97520 | Pan      | Gained mutation: Your natural rate of healing is unusually
                  | fast. [potion of mutation]
 97520 | Pan      | Gained mutation: You are agile. (Dex +4, Str/Int -1)
                  | [potion of mutation]
 97521 | Pan      | Lost mutation: Your body sometimes deteriorates upon taking
                  | damage. [potion of mutation]
 97521 | Pan      | Lost mutation: You are agile. (Dex +4, Str/Int -1) [potion
                  | of mutation]
 97521 | Pan      | Lost mutation: Your mind is acute. (Int +4, Str/Dex -1)
                  | [potion of mutation]
 97521 | Pan      | Gained mutation: Your tail ends in a venomous barb. [potion
                  | of mutation]
 97521 | Pan      | Gained mutation: You are vulnerable to cold. (rC-) [potion
                  | of mutation]
 97522 | Pan      | Lost mutation: Your tail ends in a venomous barb. [potion
                  | of mutation]
 97522 | Pan      | Lost mutation: Your natural rate of healing is unusually
                  | fast. [potion of mutation]
 97522 | Pan      | Lost mutation: You occasionally lose the ability to read
                  | scrolls when taking damage. [potion of mutation]
 97522 | Pan      | Gained mutation: Your natural rate of healing is unusually
                  | fast. [potion of mutation]
 97611 | Pan      | Identified the +3 leather armour of Beegooh {Fly rC+ Will+
                  | Str+2}
 97695 | Pan      | Noticed Hujeive the pandemonium lord
 97703 | Pan      | Killed Hujeive the pandemonium lord
 97782 | Pan      | Gained mutation: Your magical capacity is low. (-10% MP) [a
                  | neqoxec]
 97785 | Pan      | Received a gift from Okawaru
 97937 | Pan      | Received a gift from Okawaru
 97954 | Pan      | Gained mutation: You occasionally shout uncontrollably at
                  | your foes. [a cacodemon]
 98905 | Pan      | Noticed Yleufux the pandemonium lord
 98911 | Pan      | Killed Yleufux the pandemonium lord
 98947 | Pan      | Found an exit through the horrors of the Abyss.
 99269 | Pan      | Entered the realm of Lom Lobon.
 99405 | Pan      | Received a gift from Okawaru
100566 | Pan      | Reached skill level 25 in Spellcasting
100901 | Pan      | Noticed Lom Lobon
100937 | Pan      | Killed Lom Lobon
100984 | Pan      | Got a magical rune of Zot
101035 | Pan      | Received a gift from Okawaru
101342 | Pan      | Identified the +2 flail "Jellyslayer" {drain, Str+2 Int+3}
101957 | Pan      | Entered the realm of Cerebov.
102949 | Pan      | Found the +6 sword of Cerebov {flame}
102949 | Pan      | Noticed Cerebov
102953 | Pan      | Identified the +2 barding "Wac Sasi" {rN++} (Okawaru gifted
                  | it to you in Pandemonium)
102953 | Pan      | Received a gift from Okawaru
103483 | Pan      | Got the Textbook on Leaden Concussion
103558 | Pan      | Killed Cerebov
103720 | Pan      | Got a fiery rune of Zot
104084 | Pan      | Identified the +2 cloak of Beadyul {rC+ Str-3 SInv}
104096 | Pan      | Identified the ring of the Uplifting Gods {rPois Str+6}
104192 | Pan      | Got Nackus's Codex of Momentum
104337 | Pan      | Identified an amulet of Uguam {Faith Str+3 Slay+6 Stlth-}
104418 | Pan      | Reached skill level 26 in Spellcasting
104665 | Pan      | Noticed Pekidui the pandemonium lord
104703 | Pan      | Found an exit through the horrors of the Abyss.
105268 | Pan      | Killed Pekidui the pandemonium lord
105339 | Pan      | Identified the +10 war axe "Dyugar" {spect, rPois rF+
                  | Dex+2}
105640 | Pan      | Received a gift from Okawaru
106013 | Pan      | Identified the +4 falchion of Propriety {holy, Stlth+}
106230 | Pan      | Noticed Idiss the pandemonium lord
106235 | Pan      | Killed Idiss the pandemonium lord
106519 | Pan      | Entered the realm of Mnoleg.
106547 | Pan      | Found an exit through the horrors of the Abyss.
106732 | Pan      | Gained mutation: You are frail. (-10% HP) [a cacodemon]
106781 | Pan      | Gained mutation: Your body sometimes deteriorates upon
                  | taking damage. [a neqoxec]
106786 | Pan      | Lost mutation: You are vulnerable to cold. (rC-) [potion of
                  | mutation]
106786 | Pan      | Lost mutation: Your natural rate of healing is unusually
                  | fast. [potion of mutation]
106786 | Pan      | Gained mutation: Your tail ends in a venomous barb. [potion
                  | of mutation]
106786 | Pan      | Gained mutation: You are vulnerable to cold. (rC-) [potion
                  | of mutation]
106787 | Pan      | Lost mutation: Your body sometimes deteriorates upon taking
                  | damage. [potion of mutation]
106787 | Pan      | Lost mutation: Your tail ends in a venomous barb. [potion
                  | of mutation]
106787 | Pan      | Gained mutation: Your body sometimes deteriorates upon
                  | taking damage. [potion of mutation]
106787 | Pan      | Gained mutation: You have hidden genetic defects. [potion
                  | of mutation]
106787 | Pan      | Gained mutation: You are partially covered in iridescent
                  | scales. (AC +2) [potion of mutation]
106788 | Pan      | Lost mutation: Your body sometimes deteriorates upon taking
                  | damage. [potion of mutation]
106788 | Pan      | Lost mutation: Your magical capacity is low. (-10% MP)
                  | [potion of mutation]
106788 | Pan      | Lost mutation: You have hidden genetic defects. [potion of
                  | mutation]
106788 | Pan      | Gained mutation: You passively map a small area around you.
                  | [potion of mutation]
106874 | Pan      | Gained mutation: You do not regenerate when monsters are
                  | visible. [a neqoxec]
106876 | Pan      | Gained mutation: Potions are less effective at restoring
                  | your health. [a cacodemon]
106878 | Pan      | Identified the +2 barding "Ficemew" {Will+ rCorr} (Okawaru
                  | gifted it to you in Pandemonium)
106878 | Pan      | Received a gift from Okawaru
106884 | Pan      | Gained mutation: Your spells are a little easier to cast,
                  | but a little less powerful. [a cacodemon]
106884 | Pan      | Gained mutation: You are dopey. (Int -2) [a neqoxec]
106885 | Pan      | Gained mutation: You can exhale a cloud of poison. [a
                  | neqoxec]
106898 | Pan      | Gained mutation: You are weak. (Str -2) [a neqoxec]
106902 | Pan      | Gained mutation: You frequently scream uncontrollably at
                  | your foes. [a cacodemon]
107307 | Pan      | Gained mutation: You are very frail. (-20% HP) [a neqoxec]
107469 | Pan      | Reached skill level 27 in Spellcasting
107744 | Pan      | Gained mutation: You occasionally lose the ability to drink
                  | potions when taking damage. [a cacodemon]
107817 | Pan      | Noticed Mnoleg
107827 | Pan      | Paralysed by a floating eye for 4 turns
108028 | Pan      | Gained mutation: You occasionally lose the ability to read
                  | scrolls when taking damage. [a cacodemon]
108192 | Pan      | Lost mutation: Your spells are a little easier to cast, but
                  | a little less powerful. [potion of mutation]
108192 | Pan      | Lost mutation: You are dopey. (Int -2) [potion of mutation]
108192 | Pan      | Lost mutation: You are weak. (Str -2) [potion of mutation]
108193 | Pan      | Lost mutation: You are vulnerable to cold. (rC-) [potion of
                  | mutation]
108193 | Pan      | Lost mutation: You occasionally lose the ability to read
                  | scrolls when taking damage. [potion of mutation]
108305 | Pan      | Learned a level 6 spell: Statue Form
108407 | Pan      | Gained mutation: You are weak. (Str -2) [a cacodemon]
108903 | Pan      | Gained mutation: Your magical capacity is low. (-10% MP) [a
                  | cacodemon]
108906 | Pan      | Gained mutation: You have hidden genetic defects. [a
                  | cacodemon]
109020 | Pan      | Killed Mnoleg
109071 | Pan      | Got a glowing rune of Zot
109161 | Pan      | Upgraded the game from 0.30-a0-739-gea05fad to
                  | 0.30-a0-740-g6493da8
109178 | Pan      | Gained mutation: Your magical capacity is very low. (-20%
                  | MP) [a cacodemon]
109310 | Pan      | Identified the +0 crystal plate armour "Gushil" {Str+3}
                  | (Okawaru gifted it to you in Pandemonium)
109310 | Pan      | Received a gift from Okawaru
109382 | Pan      | Gained mutation: You are clumsy. (Dex -2) [a cacodemon]
109383 | Pan      | Gained mutation: Your magical capacity is extremely low.
                  | (-30% MP) [a cacodemon]
109527 | Pan      | Found a transporter.
109892 | Pan      | Found a transporter.
109912 | Pan      | Identified the ring of Perrosm {rPois Int+2 Dex+6 Slay-4
                  | SInv}
109948 | Pan      | Gained mutation: You have terrible hidden genetic defects.
                  | [hidden defects]
111411 | Pan      | Gained mutation: Your body sometimes deteriorates upon
                  | taking damage. [hidden defects]
111411 | Pan      | Lost mutation: You have terrible hidden genetic defects.
                  | [hidden defects expressed]
111598 | Pan      | Identified the +2 hand axe "Beohaic" {venom, +Blink Dex+2}
                  | (Okawaru gifted it to you in Pandemonium)
111598 | Pan      | Received a gift from Okawaru
111759 | Pan      | Learned a level 8 spell: Necromutation
111891 | Pan      | Identified the +0 cloak of Usomip {Harm rF++ rN+ Str-2}
112148 | Depths:2 | Escaped Pandemonium
112398 | D:10     | Lost mutation: Your body sometimes deteriorates upon taking
                  | damage. [potion of mutation]
112398 | D:10     | Lost mutation: You can exhale a cloud of poison. [potion of
                  | mutation]
112398 | D:10     | Lost mutation: You do not regenerate when monsters are
                  | visible. [potion of mutation]
112398 | D:10     | Gained mutation: Your tail ends in a venomous barb. [potion
                  | of mutation]
112527 | Orc:2    | Bought a potion of mutation for 112 gold pieces
112527 | Orc:2    | Lost mutation: Your tail ends in a venomous barb. [potion
                  | of mutation]
112527 | Orc:2    | Lost mutation: You are partially covered in iridescent
                  | scales. (AC +2) [potion of mutation]
112527 | Orc:2    | Lost mutation: You are clumsy. (Dex -2) [potion of
                  | mutation]
112527 | Orc:2    | Gained mutation: You expend magic power (3 MP) to
                  | strengthen your wands. [potion of mutation]
112831 | Zig:1    | Entered Level 1 of a ziggurat
112832 | Zig:1    | Noticed Ojow the pandemonium lord
112835 | Zig:1    | Killed Ojow the pandemonium lord
112847 | Zig:1    | Identified the +4 scimitar of Impeachment {protect, Will+
                  | rCorr Str+2}
112899 | Zig:2    | Entered Level 2 of a ziggurat
112906 | Zig:2    | Reached skill level 1 in Necromancy
112906 | Zig:2    | Reached skill level 1 in Transmutations
112996 | Zig:3    | Entered Level 3 of a ziggurat
113037 | Zig:4    | Entered Level 4 of a ziggurat
113039 | Zig:4    | Noticed a dread lich
113042 | Zig:4    | Killed a dread lich
113095 | Zig:5    | Entered Level 5 of a ziggurat
113108 | Zig:5    | Gained mutation: You are very weak. (Str -4) [hidden
                  | defects]
113110 | Zig:5    | Received a gift from Okawaru
113111 | Zig:5    | Reached skill level 5 in Necromancy
113111 | Zig:5    | Reached skill level 5 in Transmutations
113222 | Zig:6    | Entered Level 6 of a ziggurat
113228 | Zig:6    | Noticed a juggernaut
113234 | Zig:6    | Killed a juggernaut
113250 | Zig:6    | Identified the +9 dagger of Slow Death {flame, *Rage Fly
                  | rElec}
113288 | Zig:7    | Entered Level 7 of a ziggurat
113311 | Zig:7    | Identified the +0 chain mail of the Sun {rN+ rCorr Int-2
                  | Dex+3}
113353 | Zig:8    | Entered Level 8 of a ziggurat
113427 | Zig:8    | Identified the +7 scimitar of the Tundras {pain, rC+}
113438 | Zig:9    | Entered Level 9 of a ziggurat
113459 | Zig:9    | Gained mutation: You sometimes lose the ability to drink
                  | potions when taking damage. [hidden defects]
113459 | Zig:9    | Lost mutation: You have hidden genetic defects. [hidden
                  | defects expressed]
113462 | Zig:9    | Found the +5 consecrated labrys {holy, Valiant Fragile Fly
                  | SInv}
113557 | Zig:10   | Entered Level 10 of a ziggurat
113563 | Zig:10   | Paralysed by an air elemental for 1 turns
113565 | Zig:10   | Received a gift from Okawaru
113574 | Zig:10   | HP: 7/305 [electric golem/bolt of lightning (12)]
113582 | Zig:10   | HP: 14/305 [storm dragon/bolt of lightning (8)]
113585 | Zig:10   | HP: 3/305 [storm dragon/bolt of lightning (6)]
113585 | Zig:10   | Killed from afar by a storm dragon

Illustrated notes

Levels and vault maps discovered:
D:1:      shiori_arrival_whats_in_store_for_you, layout_basic,
          serial_bayou_pond_d
D:2:      wander_river, layout_loops_corners, serial_shops,
          nicolae_shop_overgrown_old_shop, shop, shop, nicolae_diamond_shop,
          shop, minmay_joined_circles, uniq_crazy_yiuf_cottage
D:3:      layout_loops_corners, minmay_pentomino_pile, uniq_terence,
          uniq_jessica
D:4:      layout_loops_ring, mainiacjoe_overflow_catwalk_spiral,
          minmay_temple_entry_enclosed_plants, portal_sewer_entry_e,
          uniq_duvessa
D:5:      layout_loops_ring, amcnicky_altar_gilded, serial_shops,
          nicolae_square_shop, minmay_fire_ice_demons
D:6:      layout_basic, old_standard_altar, lemuel_round_altar,
          overflow_temple_1_default, mainiacjoe_overflow_alcove_2,
          uniq_eustachio
D:7:      layout_loops_ring, lemuel_mausoleum_altar_yredelemnul
D:8:      layout_basic, mainiacjoe_overflow_tiny_flanked,
          mainiacjoe_overflow_boulevard
D:9:      lemuel_insect_pit, layout_rooms, kb_rosetta
D:10:     layout_rooms, mainiacjoe_overflow_alcove_4, hellmonk_lair_entry_icy,
          enter_bailey_2, minmay_statues_item, uniq_josephine, uniq_joseph,
          uniq_gastronok
D:11:     layout_rooms
D:12:     layout_irregular_city
D:13:     layout_loops_corners, grunt_vaults_entry_fortified,
          nicolae_concentric_dashed_squares_mild
D:14:     minmay_inner_zag, layout_loops_cross, nicolae_uskayaw_suspiria
D:15:     gammafunk_enter_depths_forms, layout_loops_cross, abandoned_shop,
          hangedman_parallel_progression
Temple:   jpeg_temple_clearing
Lair:1:   layout_gridlike, serial_bayou_shore_a, grunt_megastairs_2
Lair:2:   layout_roguey, nicolae_snake_entry_warm_welcome, grunt_megastairs_5
Lair:3:   layout_roguey, minmay_shoals_entry_centaurs, special_room
          [special_room_mythical_zoo], enter_volcano_1, serial_bayou_lagoon_b,
          uniq_rupert, uniq_nergalle, uniq_amaemon
Lair:4:   layout_regular_city, infiniplex_staircase_pool_2, uniq_kirke
Lair:5:   evilmike_catoblepas_cave, layout_hall_layers, slime_entry_1,
          nicolae_quartered_pool_little
Shoals:1: layout_shoals, yaktaur_hedge
Shoals:2: layout_shoals, nicolae_shop_self_help
Shoals:3: layout_shoals, portal_ice_cave_entry_pillars_four, uniq_polyphemus
Shoals:4: shoals_end_simple, layout_shoals
Snake:1:  gammafunk_sealed_arena, layout_rooms, serial_shops,
          nicolae_shop_advertising_works [nicolae_subvault_shop_adworks],
          uniq_aizul
Snake:2:  layout_cave_shapes, minmay_shop_grove, uniq_louise, uniq_azrael
Snake:3:  layout_layer_cave, lemuel_fruit_tree
Snake:4:  grunt_snake_rune_serpentine_throne, layout_onion_interference,
          gammafunk_ghost_wrathful_warriors, serial_bayou_pond_c,
          nicolae_shop_overcharged_wands
Slime:1:  nicolae_slime_infinislime, layout_caves
Orc:1:    layout_diamond_mine, serial_shops, shop, basic_altar
Orc:2:    kennysheep_orc_mage_school, layout_diamond_mine, uniq_nessos,
          uniq_jorgrun, uniq_donald, uniq_maurice
Elf:1:    layout_loops_cross, serial_shops, shop, mu_enter_wizlab_5,
          minmay_elf_demonology, uniq_roxanne, uniq_nikola
Elf:2:    nicolae_elf_blades_splatter_lattice [nicolae_blade_tridents],
          layout_geoelf_octagon, gammafunk_ghost_cemetery
Elf:3:    grunt_elf_hall_diamonds, layout_loops_cross, lemuel_flamethrower_2,
          uniq_mara
Vaults:1: portal_desolation_entry_salt, grunt_vaults_funnel,
          ontoclasm_vaults_eye, v_misc_2, ontoclasm_vaults_misaligned,
          vaults_room_pool, ontoclasm_vaults_shout, v_misc_28,
          nicolae_vaults_yaktaur_gun_rack, nicolae_vaults_mini_display_case,
          vaults_dpeg_encased_lava, layout_vaults_omnicross, serial_shops,
          nicolae_shop_trees
Vaults:2: v_misc_29, nicolae_vaults_ring_of_whatevers, gammafunk_its_a_trap,
          v_misc_8, v_misc_25, vaults_mumra_lcd, dpeg_vaults_monster_row,
          v_misc_14, layout_vaults_omnibox, serial_shops, shop
Vaults:3: advil_vaults_ghost_lines, nicolae_vaults_three_branches,
          minmay_crypt_entry_necro_gods, vaults_room_door_hall,
          vaults_mumra_hexcomb, vaults_mumra_hex, layout_vaults_quadrants
Vaults:4: grunt_vaults_swirl, v_misc_33, nicolae_vaults_network_star,
          ontoclasm_vaults_ring_large, ontoclasm_vaults_fault,
          nicolae_vaults_little_squares_2, special_room_vaults
          [special_room_orc], vaults_room_semicircle, layout_vaults_ring,
          uniq_mennas
Vaults:5: uniq_boris
Crypt:1:  minmay_guarded_unrand_sceptre_of_torment, layout_misc_corridors
Crypt:2:  layout_misc_corridors, grunt_megastairs_1, lemuel_upstairs_altar
Crypt:3:  due_elkab, layout_chaotic_city, uniq_margery
Depths:1: layout_cave_shapes, pf_hell_entry_tar_spiral, serial_glass,
          glass_columns_b, glass_columns_a, rand_demon_pan_entry_7,
          dreamdust_wishing_well, nrook_campfire, fedhas_altar_fruit_tree,
          minmay_shop_star
Depths:2: kennysheep_blocky_hall, layout_long_grid, enter_ziggurat_a,
          grunt_pan_entry_zigzag, serial_bayou_ford_a, hell_entry,
          infiniplex_staircase_zigzag_3
Depths:3: gammafunk_depths_water_palace, layout_gridlike, abyss_entry,
          minivault_14, hell_entry, infiniplex_staircase_spiral_double,
          uniq_grunn
Depths:4: evilmike_zot_entry_hall, layout_cave_shapes, chequers_big_river,
          hell_entry
Zot:1:    layout_twisted_circle, st_small_dragon_hoard_1
Zot:2:    layout_gridlike
Zot:3:    evilmike_crystal_ball_defense, layout_twisted_circle,
          gammafunk_ghost_arena
Zot:4:    kennysheep_blocky_room, layout_misc_corridors, lemuel_elevator
Zig:10

Skill      XL: |  1  2  3  4  5  6  7  8  9 10 11 12 13 14 15 16 17 18 19 20 21 22 23 24 25 26 27 |
---------------+----------------------------------------------------------------------------------+-----
Stealth        | 4 5 6 |  6.0
Spellcasting   | 3 4 5 7 9 11 13 14 15 16 17 18 19 20 21 27 | 27.0
Conjurations   | 5 6 7 8 11 13 15 16 17 18 19 20 21 22 | 22.0
Fighting       | 2 7 10 12 14 15 17 18 26 | 26.0
Shields        | 8 11 12 14 15 | 15.0
Axes           | 6 13 15 17 18 | 18.0
Earth Magic    | 6 11 15 17 18 23 | 23.0
Dodging        | 12 | 12.0
Necromancy     | 8 |  8.6
Transmutations | 8 |  8.6

Action                     |  1- 3 |  4- 6 |  7- 9 | 10-12 | 13-15 | 16-18 | 19-21 | 22-24 | 25-27 || total
---------------------------+-------+-------+-------+-------+-------+-------+-------+-------+-------++-------
  Melee: Mace              |       |     2 |       |       |       |       |       |       |       ||     2
         Long sword        |       |     1 |       |       |       |       |       |       |       ||     1
         Falchion          |       |       |     7 |   138 |       |       |       |       |       ||   145
         Punch             |       |       |       |     1 |       |       |       |       |       ||     1
         Quarterstaff      |       |       |       |    52 |   304 |   270 |       |       |       ||   626
         Constrict         |       |       |       |       |    73 |   102 |    89 |   119 |   551 ||   934
         Broad axe         |       |       |       |       |       |   118 |   454 |   391 |  2118 ||  3081
         War axe           |       |       |       |       |       |       |       |   367 |   669 ||  1036
   Cast: Magic Dart        |    22 |    53 |    13 |    48 |    18 |    14 |    14 |     5 |    46 ||   233
         Searing Ray       |     3 |    22 |    65 |   128 |     3 |       |       |       |       ||   221
         Mephitic Cloud    |       |     1 |     8 |    24 |    13 |    12 |       |       |       ||    58
         Iskenderun's Myst |       |       |    10 |    49 |    35 |    29 |     6 |     5 |       ||   134
         Orb of Destructio |       |       |       |    19 |   298 |   310 |   296 |   330 |   823 ||  2076
         Irradiate         |       |       |       |       |       |    36 |    76 |    55 |   105 ||   272
         Freezing Cloud    |       |       |       |       |       |    31 |    36 |    25 |    30 ||   122
         Iron Shot         |       |       |       |       |       |     2 |    26 |    35 |    96 ||   159
         Sticky Flame      |       |       |       |       |       |       |    20 |    10 |    10 ||    40
         Statue Form       |       |       |       |       |       |       |       |       |    65 ||    65
         Shatter           |       |       |       |       |       |       |       |       |    38 ||    38
Ability: Spit Poison       |    14 |    43 |    42 |    44 |     8 |     1 |     4 |     2 |       ||   158
  Evoke: Wand              |       |       |       |    10 |     7 |     3 |     1 |       |       ||    21
         Lightning rod     |       |       |       |       |       |       |     4 |     1 |       ||     5
         Condenser vane    |       |       |       |       |       |       |     1 |     1 |     1 ||     3
    Use: Scroll            |       |     3 |     4 |     8 |    12 |    18 |    20 |    19 |    23 ||   107
         Potion            |       |       |       |     3 |       |       |     1 |     5 |    47 ||    56
   Stab: Sleeping          |       |     1 |       |     2 |     2 |     5 |     4 |       |    19 ||    33
         Confused          |       |       |       |     7 |     7 |     1 |       |     1 |       ||    16
         Distracted        |       |       |       |       |     1 |     1 |       |     1 |    16 ||    19
         Petrified         |       |       |       |       |       |       |     6 |       |     1 ||     7
 Armour: Robe              |     1 |    14 |    45 |   232 |   474 |   578 |    35 |       |       ||  1379
         Steam dragon scal |       |       |       |     9 |       |       |       |       |       ||     9
         Troll leather arm |       |       |       |       |       |       |   481 |   786 |  1849 ||  3116
         Skin              |       |       |       |       |       |       |       |       |   284 ||   284
  Dodge: Dodged            |     3 |    13 |    55 |   248 |   221 |   212 |   160 |   188 |  1002 ||  2102
  Block: Kite shield       |       |       |       |       |       |   148 |   567 |   784 |  2785 ||  4284
         Reflection        |       |       |       |       |       |    49 |    65 |    33 |    58 ||   205

Table legend: (Time is in decaauts)
 A = Elapsed time spent in this place.
 B = Non-inter-level travel time spent in this place.
 C = Inter-level travel time spent in this place.
 D = Time resting spent in this place.
 E = Time spent auto-exploring this place.
 F = Levels seen in this place.
 G = Mean time per level.
                   A        B        C        D        E       F      G
               +--------+--------+--------+--------+--------+-----+--------+
         Total | 132152 | 123374 |   8778 |  48726 |  48046 |  79 | 1672.8 |
       Dungeon |  26918 |  23996 |   2922 |   8602 |  11736 |  15 | 1794.5 |
        Temple |    166 |    108 |     58 |      0 |     89 |   1 |  166.0 |
          Lair |  15714 |  14129 |   1585 |   7342 |   4697 |   5 | 3142.8 |
        Shoals |   5770 |   5592 |    178 |   1463 |   3212 |   4 | 1442.5 |
     Snake Pit |  11405 |  10645 |    760 |   5715 |   3146 |   4 | 2851.2 |
    Slime Pits |     21 |     21 |      0 |      0 |      0 |   1 |   21.0 |
  Orcish Mines |   4655 |   3913 |    742 |   2000 |   1052 |   2 | 2327.5 |
   Elven Halls |   7114 |   6739 |    375 |   2892 |   2320 |   3 | 2371.3 |
        Vaults |   6593 |   6005 |    588 |    487 |   3402 |   5 | 1318.6 |
         Crypt |   5088 |   4917 |    171 |   1604 |   2312 |   3 | 1696.0 |
        Depths |   9573 |   8406 |   1167 |   3232 |   3292 |   4 | 2393.2 |
           Zot |   5555 |   5329 |    226 |   1806 |   2549 |   4 | 1388.8 |
         Abyss |     34 |     34 |      0 |      0 |      4 |   1 |   34.0 |
   Pandemonium |  22684 |  22684 |      0 |   8040 |   7613 |  11 | 2062.2 |
      Ziggurat |   1017 |   1017 |      0 |    522 |     81 |  10 |  101.7 |
         Sewer |   1389 |   1389 |      0 |    586 |    612 |   1 | 1389.0 |
        Bailey |   1338 |   1338 |      0 |    776 |    228 |   1 | 1338.0 |
      Ice Cave |   1447 |   1447 |      0 |    823 |    264 |   1 | 1447.0 |
       Volcano |    439 |    439 |      0 |     64 |    238 |   1 |  439.0 |
        Wizlab |   4094 |   4094 |      0 |   2406 |    863 |   1 | 4094.0 |
    Desolation |   1128 |   1128 |      0 |    361 |    328 |   1 | 1128.0 |
               +--------+--------+--------+--------+--------+-----+--------+

Top non-repeatable levels by time:
  WizLab: 4094 daAuts
 Snake:3: 3894 daAuts
  Lair:5: 3743 daAuts
  Lair:2: 3582 daAuts
   Orc:2: 3337 daAuts
    D:15: 3193 daAuts
  Lair:1: 3042 daAuts
   Elf:2: 2931 daAuts
    D:10: 2919 daAuts
  Lair:3: 2859 daAuts
Depths:2: 2843 daAuts
    D:14: 2581 daAuts
 Snake:4: 2551 daAuts
Depths:3: 2549 daAuts
 Snake:2: 2497 daAuts
